 Dungeon Crawl Stone Soup version 0.28.0-53-g5a82cb258f (webtiles) character file.

Game seed: 14356922359964935017

21 mcbry74 the Sneak (level 2, 0/17 HPs)
             Began as an Octopode Hedge Wizard on July 4, 2022.
             Killed from afar by a dart slug (2 damage)
             ... with a slug dart
             ... on level 1 of the Dungeon.
             The game lasted 00:01:53 (458 turns).

mcbry74 the Sneak (Octopode Hedge Wizard)            Turns: 458, Time: 00:01:53

Health: 0/17       AC:  1    Str:  9    XL:     2   Next: 83%
Magic:  6/6        EV: 13    Int: 16    God:
Gold:   25         SH:  0    Dex: 11    Spells: 6/7 levels left

rFire   . . .      SeeInvis .   a - +0 dagger
rCold   . . .      Faith    .   (no shield)
rNeg    . . .      Spirit   .   b - +0 hat
rPois   .          Reflect  .   (no amulet)
rElec   .          Harm     .   (no ring)
rCorr   .          Rampage  .   (no ring)
Will    .....                   (no ring)
Stlth   +++.......              (no ring)
HPRegen 0.05/turn               (no ring)
MPRegen 0.10/turn               (no ring)
                                (no ring)
                                (no ring)

@: no status effects
A: almost no armour, amphibious, 8 rings, camouflage 1, gelatinous body 1,
(nimble swimmer 1), tentacles
a: no special abilities


You were on level 1 of the Dungeon.
You visited 1 branch of the dungeon, and saw 1 of its levels.

You collected 25 gold pieces.

Inventory:

Hand Weapons
 a - a +0 dagger (weapon)
Armour
 b - a +0 hat (worn)
Scrolls
 c - a scroll of identify {unknown}


   Skills:
 - Level 2.0 Dodging
 + Level 3.4 Stealth
 - Level 3.0 Spellcasting
 * Level 2.2 Conjurations
 - Level 1.0 Summonings
 - Level 1.0 Translocations


You had 6 spell levels left.
You knew the following spells:

 Your Spells              Type           Power      Damage    Failure   Level
a - Magic Dart            Conj           36%        1d4       8%          1

Your spell library contained the following spells:

 Spells                   Type           Power      Damage    Failure   Level
 Slow                     Hex            8%         N/A       19%         1
 Blink                    Tloc           10%        N/A       19%         2
 Call Imp                 Summ           5%         N/A       19%         2
 Conjure Flame            Conj/Fire      6%         6-21      34%         3
 Mephitic Cloud           Conj/Pois/Air  4%         N/A       38%         3


Dungeon Overview and Level Annotations

Branches:
Dungeon (1/15)

Altars:


Innate Abilities, Weirdness & Mutations

You cannot wear most types of armour.
You are amphibious.
You can wear up to eight rings at the same time.
Your skin changes colour to match your surroundings (Stealth+).
Your rubbery body absorbs attacks. (AC +1, EV +1)
((You are camouflaged when in or above water. (Stealth+)))
You have tentacles for arms and can constrict up to eight enemies at once.


Message History

You constrict the ball python. The ball python bites you.
The ball python grabs you. The ball python constricts you.
A rat comes into view.
You hit the ball python.
You kill the ball python!
You barely miss the rat. Your grab misses the rat. You squeeze the rat.
You kill the rat!
You closely miss the ball python. You grab the ball python.
You squeeze the ball python.
You kill the ball python!
You hit the giant cockroach. Your grab misses the giant cockroach.
The giant cockroach is moderately wounded.
The rat bites you. The giant cockroach closely misses you.
You barely miss the giant cockroach. You grab the giant cockroach.
The giant cockroach is moderately wounded.
You constrict the giant cockroach, but do no damage.
The rat barely misses you. The giant cockroach closely misses you.
You hit the rat but do no damage. You grab the rat. You constrict the rat.
You constrict the giant cockroach.
The giant cockroach bites you but does no damage.
The rat bites you. The giant cockroach bites you.
You barely miss the rat.
The rat is severely wounded.
You constrict the rat.
You kill the rat!
You constrict the giant cockroach.
You kill the giant cockroach!
You see here a rat corpse.
The goblin barely misses you.
You closely miss the goblin. You grab the goblin. You constrict the goblin.
The goblin hits you with a +0 club.
You hit the goblin.
You kill the goblin!
The dart slug launches a dart at you. The slug dart hits you.
* * * LOW HITPOINT WARNING * * *
A frilled lizard comes into view.
The dart slug launches a dart at you. The slug dart hits you.
You die...

#..#...#..#
#......#.#.#.#.#.#
#......##..#.#..##
#.......####.####.
#........ #+#....
#........ #...##. .
##........###.####. ..
#.............# #. ...
#.@........##.# #.
....####.#####....##.#
##. ........)# #.....#.#
#.. .........# #...#.#.#
#..
#...(...†w#########.#.#
#..
###.##.####.#...........#
#.. .....l
#†#...........# #.. #.#.#
###.#...........###..
....w.
#....................


You could see a dart slug and a frilled lizard (wandering).

Vanquished Creatures
  2 dart slugs (D:1)
  3 ball pythons (D:1)
  An endoplasm (D:1)
  A giant cockroach (D:1)
  2 goblins (D:1)
  A hobgoblin (D:1)
  A quokka (D:1)
  A bat (D:1)
  2 frilled lizards (D:1)
  2 rats (D:1)
16 creatures vanquished.

Notes
Turn   | Place    | Note
-------+----------+-------------------------------------------
     0 | D:1      | mcbry74 the Octopode Hedge Wizard began the quest for the
                  | Orb.
     0 | D:1      | Reached XP level 1. HP: 11/11 MP: 4/4
   100 | D:1      | Reached XP level 2. HP: 9/17 MP: 6/6
   458 | D:1      | Killed from afar by a dart slug

Illustrated notes

Levels and vault maps discovered:
D:1:      nzn_arrival_crosshair, layout_basic, serial_glass, glass_columns_b,
          glass_columns_b

Skill      XL: |  1  2 |
---------------+-------+-----
Stealth        | 3 |  3.4
Conjurations   | 2 |  2.2
Dodging        | |  2.0
Spellcasting   | |  3.0
Summonings     | |  1.0
Translocations | |  1.0

Action                   || total
-------------------------++-------
Melee: Dagger            ||    18
       Constrict         ||     7
       Tentacles         ||     4
 Cast: Magic Dart        ||    12
 Stab: Sleeping          ||     4
Armor: Skin              ||     3
Dodge: Dodged            ||     8
